Map: New Repugnancy LE

Players

Jdiez - Winner!

  • Race: Protoss Protoss
  • League: Diamond
  • Spawn Location: 7:00

Skorbien

  • Race: Terran Terran
  • League: Diamond
  • Spawn Location: 1:00

VOD

Have the link to the VOD?

Description

Time

  • Played on: Jan. 28, 2019, 11:28 a.m.
  • Length: 9:30
Show
View Real Time Build Order
Export as new Build Order

Jdiez Protoss - Winner!

Build Orders: 1 Gate Expand 

Get SALT Encoding   

  12  0:01  Probe  
  13  0:13  Probe  
  14  0:19  Pylon  
  14  0:25  Probe  
  15  0:35  Probe  
  15  0:37  Gateway  
  16  0:43  Probe  
  16  0:49  Assimilator  
  17  0:53  Probe  
  18  1:05  Probe  
  19  1:17  Probe  
  20  1:32  Nexus  
  20  1:44  Cybernetics Core  
  20  1:47  Probe  
  21  1:59  Pylon, Probe  
  22  2:05  Assimilator  
  22  2:11  Stalker  
  22  2:14  Probe  
  25  2:23  Warp Gate  
  25  2:26  Probe  
  26  2:38  Probe  
  26  2:39  Stalker  
  26  2:41  Robotics Facility  
  27  2:49  Probe  
  30  2:56  Probe  
  31  3:00  Stalker  
  31  3:01  Probe  
  33  3:18  Warp Prism  
  33  3:22  Probe  
  33  3:23  Probe  
  33  3:25  Stalker  
  39  3:34  Probe  
  39  3:38  Pylon  
  39  3:39  Probe  
  39  4:03  Probe  
  39  4:06  Gateway  
  39  4:07  Gateway  
  39  4:08  Observer, Probe  
  42  4:11  Pylon  
  42  4:15  Probe  
  43  4:18  Pylon  
  43  4:20  Probe  
  43  4:21  Stalker  
  46  4:27  Probe  
  45  5:00  Probe x2  
  45  5:01  Stalker x2  
  45  5:02  Stalker  
  53  5:07  Nexus  
  53  5:10  Pylon  
  53  5:12  Immortal, Probe x2  
  59  5:24  Probe  
  60  5:29  Stalker x3  
  58  5:51  Immortal  
  58  6:15  Probe  
  58  6:16  Probe  
  60  6:25  Gateway, Immortal  
  60  6:26  Gateway  
  64  6:48  Zealot  
  64  6:49  Zealot x2  
  70  7:01  Probe  
  70  7:03  Zealot x3  
  70  7:04  Probe  
  78  7:12  Pylon  
  78  7:14  Immortal  
  78  7:15  Pylon  
  77  7:17  Pylon  
  73  7:27  Stalker x3  
  77  7:36  Stalker  
  77  7:37  Stalker  
  75  7:42  Probe  
  74  7:47  Gateway  
  74  7:49  Immortal  
  74  7:51  Gateway, Zealot x3  
  80  7:53  Gateway  
  80  7:55  Probe  
  85  7:58  Zealot  
  85  7:59  Zealot  
  85  8:04  Pylon  
  89  8:07  Probe  
  90  8:12  Zealot  
  90  8:13  Zealot x4  
  100  8:26  Shield Battery x2  
  100  8:28  Shield Battery  
  84  8:44  Zealot x3  
  84  8:45  Zealot x3  
  82  8:57  Zealot x2  
Show
View Real Time Build Order
Export as new Build Order

Skorbien Terran 

Build Orders:  

Get SALT Encoding   

  12  0:01  SCV  
  13  0:13  SCV  
  14  0:18  Supply Depot  
  14  0:25  SCV  
  15  0:29  Refinery  
  15  0:40  SCV  
  16  0:47  Barracks  
  16  0:52  SCV  
  17  1:05  SCV  
  18  1:17  SCV  
  20  1:34  Reaper, Orbital Command  
  20  1:54  Command Center  
  20  1:59  SCV  
  21  2:09  Factory  
  21  2:17  Barracks Reactor  
  21  2:18  Supply Depot  
  21  2:22  SCV  
  22  2:29  Refinery  
  22  2:52  SCV  
  22  2:54  Marine  
  22  2:55  Marine  
  22  2:57  Factory Tech Lab  
  25  3:01  Armory  
  25  3:04  SCV  
  26  3:16  SCV, Marine x2  
  26  3:17  Widow Mine  
  32  3:27  Orbital Command  
  32  3:30  Bunker  
  31  3:36  Starport  
  32  3:41  SCV  
  30  3:49  Marine  
  30  3:53  SCV  
  30  4:04  Widow Mine, Drilling Claws  
  30  4:05  SCV  
  30  4:06  SCV  
  30  4:07  Marine x2  
  36  4:21  Medivac  
  38  4:25  Bunker, Barracks  
  38  4:33  Marine x2  
  38  4:35  Barracks  
  40  4:39  Widow Mine  
  40  4:41  SCV  
  42  4:50  Marine  
  42  5:04  Widow Mine  
  44  5:07  Viking  
  46  5:15  Barracks Tech Lab  
  46  5:32  SCV  
  46  5:37  Marine  
  46  5:38  Marine  
  43  5:54  Marine  
  43  5:55  Marine  
  43  6:06  SCV x2  
  45  6:12  Marine  
  46  6:19  Supply Depot  
  46  6:23  Barracks Tech Lab, Stimpack  
  46  6:24  Starport Reactor  
  46  6:28  Supply Depot  
  46  6:29  Marine  
  46  6:30  Widow Mine, SCV x2, Marine  
  52  6:40  Marauder  
  52  6:42  SCV x2  
  56  6:47  Marine  
  56  6:48  Marine  
  56  6:50  Engineering Bay  
  56  6:52  Marauder  
  60  6:55  Supply Depot  
  60  6:57  Supply Depot  
  60  7:00  SCV x2  
  62  7:01  Marauder  
  62  7:05  Marine  
  62  7:06  Marine  
  66  7:12  SCV x2, Marine  
  69  7:16  Medivac  
  69  7:22  Marine  
  64  7:23  Marine  
  64  7:24  SCV, Marine  
  62  7:30  Marine  
  61  7:40  Marine  
  61  7:41  Marine x2  
  61  7:43  SCV  
  64  7:48  Marine  
  65  7:54  SCV, Missile Turret  
  65  7:55  SCV  
  65  7:58  Marine x2  
  68  7:59  Marine  
  68  8:05  Combat Shield  
  70  8:06  Marine, Missile Turret  
  71  8:16  Marine x2  
  73  8:29  Supply Depot x2  
  73  8:31  Supply Depot, Marine  
  73  8:32  Marine  
  72  8:36  Marine  
  72  8:37  Marine  
  54  8:49  Marine x2  
  54  8:54  Marine  
  54  8:55  Marine  
  33  9:07  Marine x2  
Tags
 
Add a new tag
Caveats
  • Supply blocks, unpowered buildings, or Contaminate may cause inaccurate times.
  • Supply counts are checked every 10 seconds.